 Dungeon Crawl Stone Soup version 0.23.2-1-ga50397a (webtiles) character file.

Game seed: 9303422592496571472

2661 troglodite the Conjurer (level 9, -3/73 HPs)
             Began as a Grey Draconian Conjurer on May 20, 2019.
             Was a Follower of Vehumet.
             Shot with an arrow by a centaur warrior (10 damage)
             ... on level 7 of the Dungeon on May 21, 2019.
             The game lasted 00:52:34 (10685 turns).

troglodite the Conjurer (Grey Draconian Conjurer)  Turns: 10685, Time: 00:52:34

Health: -3/73      AC: 16    Str: 11    XL:     9   Next: 36%
Magic:  7/15       EV: 15    Int: 16    God:    Vehumet [*.....]
Gold:   385        SH:  0    Dex: 14    Spells: 1/17 levels left

rFire    . . .     SeeInvis .   y - +8 hand axe "Seischuaf" {chop, rC+}
rCold    + . .     Gourm    .   (no shield)
rNeg     . . .     Faith    +   (armour unavailable)
rPois    .         Spirit   .   (helmet restricted)
rElec    .         Reflect  .   k - +2 cloak
rCorr    .         Harm     .   (no gloves)
MR       .....                  s - +0 pair of boots (curse)
Stlth    ++........             x - amulet of faith
HPRegen  0.22/turn              (no ring)
MPRegen  0.14/turn              (no ring)

@: about to teleport
A: walk through water, unfitting armour, unbreathing, cold-blooded, AC +12
a: Renounce Religion


You were on level 7 of the Dungeon.
You worshipped Vehumet.
Vehumet was aware of your devotion.
You were not hungry.

You visited 2 branches of the dungeon, and saw 10 of its levels.

You collected 385 gold pieces.

Inventory:

Hand Weapons
 y - the +8 hand axe "Seischuaf" (weapon) {chop, rC+}
   (You found it on level 5 of the Dungeon)

   It inflicts extra damage upon your enemies.
   It protects you from cold.
Missiles
 F - 15 stones (quivered)
Armour
 c - a +0 large shield
 k - a +2 cloak (worn)
 r - a +0 shield
 s - a cursed +0 pair of boots (worn)
Jewellery
 x - an amulet of faith (around neck)
 D - an uncursed amulet of the acrobat {unknown}
Wands
 g - a wand of random effects (15)
 q - a wand of polymorph (10)
Scrolls
 e - 5 scrolls of remove curse
 h - 5 scrolls of amnesia {unknown}
 o - a scroll of random uselessness {unknown}
 p - a scroll of teleportation
 t - 3 scrolls of magic mapping {unknown}
 u - 4 scrolls of identify
 v - a scroll of noise {unknown}
 w - 2 scrolls of enchant weapon
 z - a scroll of immolation {unknown}
 A - a scroll of blinking {unknown}
 B - a scroll of enchant armour {unknown}
Potions
 a - a potion of ambrosia
 d - a potion of heal wounds {unknown}
 f - 2 potions of flight
 i - a potion of magic
 j - a potion of mutation
 l - a potion of agility
 m - a potion of brilliance
 n - 2 potions of curing
 E - a potion of might {unknown}
Comestibles
 b - 12 rations


   Skills:
 * Level 4.8 Fighting
 * Level 5.0(5.4) Axes
   Level 0.8(3.2) Maces & Flails
   Level 2.6(4.2) Polearms
 * Level 5.7 Dodging
 + Level 2.9 Stealth
 * Level 4.3 Shields
 + Level 0.6 Unarmed Combat
 * Level 4.6 Spellcasting
 * Level 6.0 Conjurations


You had one spell level left.
You knew the following spells:

 Your Spells              Type           Power        Failure   Level  Hunger
a - Magic Dart            Conj           ###.         1%          1    None
b - Searing Ray           Conj           ###...       1%          2    ##.....
c - Iskenderun's Mystic   Conj           ###.....     14%         4    ####...
d - Force Lance           Conj/Tloc      ##......     43%         4    ####...
e - Fulminant Prism       Conj/Hex       ##........   43%         4    ####...
f - Sandblast             Erth           #.....       16%         1    None

Your spell library contained the following spells:

 Spells                   Type           Power        Failure   Level  Hunger
 Dazzling Spray           Conj/Hex       ##....       14%         3    ###....


Dungeon Overview and Level Annotations

Branches:
Dungeon (9/15)             Temple (1/1) D:7            Lair (0/6) D:8
    Orc: D:9-12

Altars:
Ashenzari
Cheibriados
Dithmenos
Elyvilon
Fedhas
Gozag
Hepliaklqana
Kikubaaqudgha
Makhleb
Nemelex Xobeh
Okawaru
Qazlal
Ru
Sif Muna
Trog
Uskayaw
Vehumet
Wu Jian
Xom
Yredelemnul
Zin
The Shining One

Shops:
D:4 *   D:6 =   D:7 =

Annotations:
D:1 Terence
D:7 2 runed translucent doors


Innate Abilities, Weirdness & Mutations

You can walk through water.
Your dull iron-grey scales are very hard. (AC +12)
You cannot fit into any form of body armour.
You can survive without breathing.
You are cold-blooded and may be slowed by cold attacks.


Message History

You finish channeling your searing ray.
The centaur warrior shoots an arrow.
The arrow hits you!
Casting: Searing Ray (safe; 1% risk of failure)
Confirm with . or Enter, or press ? or * to list all spells.
Aiming: Searing Ray (safe; 1% risk of failure)
Press: ? - help, Shift-Dir - straight line, f/p - centaur warrior
Aim: a centaur warrior, wielding a +0 longbow (moderately wounded)
The searing ray hits the centaur warrior.
The centaur warrior is moderately wounded. (Press . to maintain the ray.)
The centaur warrior shoots an arrow.
The arrow barely misses you.
The searing ray hits the centaur warrior.
The centaur warrior is moderately wounded.
The centaur warrior shoots an arrow.
The arrow hits you!!
* * * LOW HITPOINT WARNING * * *
As you read the scroll of teleportation, it crumbles to dust.
You feel strangely unstable.
The centaur warrior shoots an arrow.
The arrow closely misses you.
The centaur warrior shoots an arrow.
The arrow hits you!
You die...

...##...#.####.#.#.#........##...
.................................
...##...#..###.###...............
#.......................###)#....
..................<...###..##....
....................###.##.##....
........######....###.#....##....
....#..#####...####...#..####....
.......###...###@...#......##....
....#..#...####.###...#..####....
.........### #c## ###.#....##....
.#.....#######O## ###)##.##....
.#..#### ##Y{ca## ###..##....
##..# ...+.ZZ.## #####...# ##..#
####...y## #...# ....# #####+##
#...# .#..# #####.## #...#


You could see a centaur warrior, a yak, an ogre, a centaur, a bullfrog zombie
and a centaur skeleton.

Vanquished Creatures
  Pikel (D:7)
  A hungry ghost (D:7)
  Duvessa (D:4)
  2 slaves
  An orc warrior (D:8)
  An ice beast (D:6)
  4 ogres
  A centaur (D:8)
  A big kobold (D:9)
  2 bullfrogs
  Dowan (D:4)
  A scorpion (D:6)
  A crimson imp (D:6)
  A bullfrog zombie (D:6)
  2 jellies (D:7)
  A quasit (D:9)
  4 orc priests
  4 hounds
  A centaur zombie (D:7)
  3 orc wizards
  A centaur skeleton (D:9)
  A gnoll shaman (D:7)
  Ijyb (D:3)
  6 worker ants
  2 hound skeletons
  Robin (D:3)
  3 gnolls (D:7)
  13 adders
  A river rat (D:4)
  3 shadow imps
  2 worms
  3 dart slugs
  4 leopard geckos
  17 orcs
  4 ball pythons
  10 giant cockroaches
  10 goblins
  8 hobgoblins
  2 jackals (D:4)
  22 kobolds
  4 quokkas
  7 bats
  7 frilled lizards
  A leopard gecko zombie (D:8)
  13 rats
  9 plants (D:6)
189 creatures vanquished.

Notes
Turn   | Place    | Note
-------+----------+-------------------------------------------
     0 | D:1      | troglodite the Draconian Conjurer began the quest for the
                  | Orb.
     0 | D:1      | Reached XP level 1. HP: 14/14 MP: 3/3
   430 | D:1      | Reached skill level 1 in Fighting
   648 | D:1      | Reached XP level 2. HP: 21/23 MP: 5/5
   873 | D:1      | HP: 1/23 [kobold (2)]
  1673 | D:2      | Learned a level 2 spell: Searing Ray
  1998 | D:2      | Reached XP level 3. HP: 10/28 MP: 6/6
  2291 | D:2      | Noticed Terence
  2417 | D:1      | Reached skill level 1 in Shields
  3090 | D:2      | Reached XP level 4. HP: 35/35 MP: 7/7
  3399 | D:2      | Learned a level 4 spell: Iskenderun's Mystic Blast
  3609 | D:3      | Noticed Robin
  3843 | D:3      | Noticed Ijyb
  3871 | D:3      | Killed Ijyb
  4004 | D:3      | Reached XP level 5. HP: 41/41 MP: 1/8
  4182 | D:3      | Killed Robin
  4495 | D:4      | Reached skill level 1 in Polearms
  4657 | D:4      | Reached XP level 6. HP: 37/50 MP: 0/9
  4788 | D:4      | Noticed Dowan
  4790 | D:4      | Noticed Duvessa
  4815 | D:4      | Killed Duvessa
  4828 | D:4      | Killed Dowan
  4836 | D:4      | Found Wameimorph's Assorted Antiques.
  5398 | D:4      | Your scales start taking on a dull iron-grey colour.
  5398 | D:4      | Reached XP level 7. HP: 22/56 MP: 8/11
  5398 | D:4      | Gained mutation: You can survive without breathing. [Grey
                  | Draconian growth]
  5893 | D:4      | Reached skill level 5 in Conjurations
  5989 | D:5      | Entered Level 5 of the Dungeon
  6257 | D:5      | Found a hazy altar of Hepliaklqana.
  6613 | D:5      | Got a brightly glowing hand axe
  6614 | D:5      | Identified the +8 hand axe "Seischuaf" {chop, rC+} (You
                  | found it on level 5 of the Dungeon)
  6910 | D:6      | Found Cogarch's Jewellery Emporium.
  6977 | D:6      | Reached skill level 1 in Axes
  6991 | D:6      | Reached XP level 8. HP: 52/63 MP: 13/13
  7794 | D:7      | Found a shadowy altar of Dithmenos.
  7818 | D:7      | Noticed Pikel
  7838 | D:7      | Found a staircase to the Ecumenical Temple.
  8680 | D:7      | Found Kaphidin's Jewellery Emporium.
  8837 | Temple   | Entered the Ecumenical Temple
  9151 | Temple   | Became a worshipper of Vehumet
  9224 | D:7      | Killed Pikel
  9224 | D:7      | Reached skill level 5 in Dodging
  9518 | D:7      | You fall through a shaft for 2 floors!
  9599 | D:9      | Reached XP level 9. HP: 69/72 MP: 15/15
  9893 | D:8      | Learned a level 4 spell: Force Lance
  9898 | D:8      | Learned a level 4 spell: Fulminant Prism
  9919 | D:8      | Found a staircase to the Lair.
 10387 | D:7      | Reached * piety under Vehumet
 10387 | D:7      | Offered knowledge of Sandblast by Vehumet.
 10401 | D:7      | Reached skill level 5 in Axes
 10401 | D:7      | Reached skill level 6 in Conjurations
 10401 | D:7      | Paralysed by fainting for 5 turns
 10494 | D:7      | Learned a level 1 spell: Sandblast
 10564 | D:7      | Found a runed translucent door.
 10565 | D:7      | Found a runed translucent door.
 10566 | D:7      | Found a runed translucent door.
 10566 | D:7      | Noticed a centaur warrior
 10685 | D:7      | Shot with an arrow by a centaur warrior

Skill      XL: |  1  2  3  4  5  6  7  8  9 |
---------------+----------------------------+-----
Fighting       | 1 2 3 4 |  4.8
Dodging        | 2 3 4 5 |  5.7
Shields        | 1 2 3 4 |  4.3
Stealth        | 2 |  2.9
Polearms       | 1 2 |  2.6
Spellcasting   | 3 4 |  4.6
Conjurations   | 5 6 |  6.0
Axes           | 1 4 5 |  5.0
Maces & Flails | |  0.8
Unarmed Combat | |  0.6

Action                   |  1- 3 |  4- 6 |  7- 9 || total
-------------------------+-------+-------+-------++-------
Melee: Club              |   212 |   131 |       ||   343
       Tailslap          |    18 |    22 |    42 ||    82
       Unarmed           |       |    22 |       ||    22
       Spear             |       |    85 |    70 ||   155
       Hand axe          |       |       |   262 ||   262
       Punch             |       |       |     1 ||     1
 Cast: Magic Dart        |     9 |    30 |    58 ||    97
       Searing Ray       |       |    11 |    16 ||    27
       Iskenderun's Myst |       |     2 |     5 ||     7
  Use: Scroll            |     4 |     3 |     5 ||    12
       Potion            |       |       |     1 ||     1
 Stab: Sleeping          |     2 |     3 |     4 ||     9
       Distracted        |       |     2 |       ||     2
  Eat: Ration            |     1 |       |     2 ||     3
       Chunk             |     3 |    10 |    14 ||    27
Armor: Skin              |    78 |   101 |   149 ||   328
Dodge: Dodged            |    87 |   221 |   243 ||   551
Block: Large shield      |   141 |    21 |       ||   162
